 Dungeon Crawl Stone Soup version 0.30-a0-1164-ge08a67761e (webtiles) character file.

Game seed: 9122777196338699323

5617 Jase the Geomancer (level 10, -2/56 HPs)
             Began as a Gargoyle Earth Elementalist on Apr 29, 2023.
             Was a High Priest of Okawaru.
             Slain by an orc warlord
             ... wielding a +6 broad axe
              (15 damage)
             ... in a bailey on Apr 30, 2023.
             The game lasted 00:31:18 (9087 turns).

Jase the Geomancer (Gargoyle Earth Elementalist)    Turns: 9087, Time: 00:31:18

Health: -2/56      AC: 15    Str: 11    XL:     10   Next: 73%
Magic:  4/19       EV: 11    Int: 27    God:    Okawaru [*****.]
Gold:   445        SH:  0    Dex: 10    Spells: 12/22 levels left

rFire   . . .        a - +2 mace (holy)
rCold   . . .        (no shield)
rNeg    + . .        F - +2 robe {Archmagi}
rPois   ∞            y - +0 helmet
rElec   +            G - +1 cloak
rCorr   .            (no gloves)
SInv    .            h - +0 pair of boots
Will    +....        (no amulet)
Stlth   ++           k - +6 ring of intelligence
HPRegen 0.29/turn    u - ring of willpower
MPRegen 0.16/turn

%: archmagi
@: no status effects
A: sickness immunity, AC +7, negative energy resistance 1, electricity
resistance, torment resistance 1, petrification resistance
a: Renounce Religion, Heroism, Finesse, Duel


You were in a bailey.
You worshipped Okawaru.
Okawaru was extremely pleased with you.
You visited 2 branches of the dungeon, and saw 10 of its levels.
You also visited: Bailey.

You collected 445 gold pieces.

Inventory:

Hand Weapons
 a - a +2 mace of holy wrath (weapon)
Missiles
 n - 24 poisoned darts
 B - 3 curare-tipped darts
Armour
 h - a +0 pair of boots (worn)
 y - a +0 helmet (worn)
 F - a +2 robe of the Archmagi (worn)
 G - a +1 cloak (worn)
Jewellery
 k - a +6 ring of intelligence (left hand)
 u - a ring of willpower (right hand)
Wands
 l - a wand of flame (17)
Scrolls
 c - a scroll of fear {unknown}
 f - 2 scrolls of brand weapon
 g - a scroll of immolation {unknown}
 i - 3 scrolls of vulnerability
 o - a scroll of fog {unknown}
 q - 2 scrolls of magic mapping {unknown}
 s - 3 scrolls of poison {unknown}
 t - a scroll of amnesia {unknown}
 w - a scroll of enchant armour {unknown}
 z - 2 scrolls of enchant weapon {unknown}
 D - 3 scrolls of teleportation {unknown}
 I - a scroll of blinking {unknown}
Potions
 b - 3 potions of magic
 d - 4 potions of flight
 j - a potion of brilliance
 m - a potion of mutation
 p - 2 potions of berserk rage
 r - a potion of invisibility
 v - 5 potions of curing {unknown}
 x - 2 potions of haste
 A - a potion of lignification
 C - 3 potions of heal wounds
 E - a potion of attraction
 H - a potion of might {unknown}


   Skills:
 + Level 3.1 Fighting
 * Level 5.1 Maces & Flails
 - Level 1.5 Dodging
 - Level 2.1 Stealth
 + Level 6.5 Spellcasting
 - Level 6.0 Conjurations
 - Level 2.0 Transmutations
 + Level 11.9 Earth Magic
 + Level 6.2 Invocations


You had 12 spell levels left.
You knew the following spells:

 Your Spells              Type           Power      Damage    Failure   Level
a - Sandblast             Erth           100%       2d20      1%          1
b - Passwall              Tmut/Erth      52%        N/A       1%          2
c - Stone Arrow           Conj/Erth      100%       3d13      1%          3
d - Petrify               Tmut/Erth      63%        N/A       3%          4

Your spell library contained the following spells:

 Spells                   Type           Power      Damage    Failure   Level
 Magic Dart               Conj           100%       1d8       1%          1
 Dazzling Flash           Conj/Hex       74%        N/A       5%          3
 Mephitic Cloud           Conj/Pois/Air  29%        N/A       9%          3
 Ensorcelled Hibernation  Hex/Ice        26%        N/A       10%         2
 Poisonous Vapours        Pois/Air       26%        N/A       10%         2
 Swiftness                Air            13%        N/A       19%         3
 Dispel Undead            Necr           13%        3d9       52%         4
 Freezing Cloud           Conj/Ice/Air   14%        6-21      58%         5
 Eringya's Noxious Bog    Tmut/Pois      10%        N/A       99%         6
 Necromutation            Tmut/Necr      10%        N/A       100%        8
 Call Imp                 Summ           Unusable   N/A       N/A         2
 Summon Forest            Summ/Tloc      Unusable   N/A       N/A         5
 Summon Hydra             Summ           Unusable   N/A       N/A         7

Dungeon Overview and Level Annotations

Branches:
Dungeon (9/15)             Temple (1/1) D:4          Bailey (1/1)
   Lair: D:8-11         Orc: D:9-12

Altars:
Ashenzari
Cheibriados
Dithmenos
Elyvilon
Fedhas
Gozag
Hepliaklqana
Kikubaaqudgha
Nemelex Xobeh
Okawaru
Qazlal
Ru
Sif Muna
Trog
Uskayaw
Wu Jian
Xom
Yredelemnul
Zin
The Shining One

Shops:
D:6 [

Annotations:
D:3 1 runed translucent door, TheSexyCheese's ghost, weakling DsFE
D:4 2 transporters, avangion's ghost, amateur DECj
D:6 1 runed translucent door, Crazy Yiuf
D:7 exclusion: moth of wrath


Innate Abilities, Weirdness & Mutations

You are immune to sickness and miasma.
Your stone body is resilient. (AC +7)
You are immune to poison.
You resist negative energy. (rN+)
You are resistant to electric shocks. (rElec)
You are resistant to unholy torment.
You are immune to petrification.


Message History

You hit the orc warlord but do no damage.
The helpless orc warlord fails to defend itself.
You hit the orc warlord but do no damage.
The helpless orc warlord fails to defend itself.
You hit the orc warlord but do no damage.
The orc warlord is no longer petrified.
The orc warlord hits you with a +6 broad axe!!
Ouch! That really hurt!
Casting: Petrify (dangerous; 3% risk of failure)
Confirm with . or Enter, or press ? or * to list all spells.
Aiming: Stone Arrow (safe; 1% risk of failure)
Press: ? - help, Shift-Dir - straight line, f/p - orc warlord
Aim: an orc warlord, wielding a +6 broad axe and wearing a +0 crystal plate armour (87% to hit)
You feel a surge of power!
The stone arrow hits the orc warlord but does no damage.
The orc warlord barely misses you.
Casting: Stone Arrow (safe; 1% risk of failure)
Confirm with . or Enter, or press ? or * to list all spells.
Aiming: Stone Arrow (safe; 1% risk of failure)
Press: ? - help, Shift-Dir - straight line, f/p - orc warlord
Aim: an orc warlord, wielding a +6 broad axe and wearing a +0 crystal plate armour (87% to hit)
You feel a surge of power!
The stone arrow hits the orc warlord!
The orc warlord is lightly wounded.
The orc warlord hits you with a +6 broad axe!
* * * LOW HITPOINT WARNING * * *
Casting: Stone Arrow (safe; 1% risk of failure)
Confirm with . or Enter, or press ? or * to list all spells.
Aiming: Stone Arrow (safe; 1% risk of failure)
Press: ? - help, Shift-Dir - straight line, f/p - orc warlord
Aim: an orc warlord, wielding a +6 broad axe and wearing a +0 crystal plate armour (lightly wounded, 87% to hit)
You feel a surge of power!
The stone arrow hits the orc warlord!
The orc warlord is lightly wounded.
The orc warlord barely misses you.
Unknown command.
As you read the scroll labelled OSAINI ZEUR, it crumbles to dust.
It is a scroll of brand weapon.
Really abort (and waste the scroll)?
Okay, then.
The orc warlord hits you with a +6 broad axe!
You die...

#.........).#.
#...........#.
###.).......### ♣♣♣♣♣♣♣
###.#'#.....### #
♣.....♣♣♣###.....###.###
♣♣♣......##....)....###
♣........#..)..).....#
♣♣.......[)).o)......#
♣...∩.∩..'..@..⌠..)..#
♣♣.......'.).........#
♣.......#...........#
♣♣......##.........###
♣.....♣♣###.....###.###
♣.♣♣♣♣♣ ###.#)#.....#
♣♣♣ ###o)......
#......... #.........


You could see an orc warlord and an orc warrior.

Vanquished Creatures
  Pikel (D:7)
  Joseph (D:7)
  Sigmund (D:4)
  2 wyverns
  5 yaks (D:9)
  Menkaure (D:7)
  An acid dragon (D:9)
  A water moccasin (D:7)
  A black bear (D:5)
  An ice beast (D:6)
  12 orc warriors
  2 centaurs (D:6)
  A lemure (D:7)
  A phantom (D:7)
  2 kobold brigands
  4 bullfrogs
  3 scorpions
  3 wights (D:6)
  6 killer bees (D:8)
  3 jellies
  2 orc priests
  5 hounds
  2 iguanas (D:5)
  9 orc wizards
  2 gnolls (Bailey)
  11 adders
  A shadow imp (D:5)
  2 white imps
  An ufetubus (D:6)
  3 worms
  27 orcs
  6 bats
  10 endoplasms
  2 giant cockroaches (D:1)
  22 goblins
  8 hobgoblins
  14 jackals
  6 quokkas
  6 ball pythons
  A frilled lizard (D:2)
  13 kobolds
  5 rats
210 creatures vanquished.

Vanquished Creatures (others)
  2 plants (D:4)
  A withered plant (D:4)
3 creatures vanquished.

Grand Total: 213 creatures vanquished

Notes
Turn   | Place    | Note
-------+----------+-------------------------------------------
     0 | D:1      | Jase the Gargoyle Earth Elementalist began the quest for
                  | the Orb.
     0 | D:1      | Reached XP level 1. HP: 10/10 MP: 3/3
   323 | D:1      | Reached skill level 1 in Transmutations
   438 | D:1      | Reached skill level 4 in Earth Magic
   438 | D:1      | Reached XP level 2. HP: 15/15 MP: 3/5
   766 | D:1      | Found a faded altar of an unknown god.
   794 | D:1      | Reached XP level 3. HP: 19/19 MP: 4/6
  1371 | D:2      | Reached skill level 5 in Earth Magic
  1668 | D:2      | Reached XP level 4. HP: 24/24 MP: 5/8
  1814 | D:2      | Learned a level 2 spell: Passwall
  1818 | D:2      | Learned a level 3 spell: Stone Arrow
  1865 | D:3      | Reached XP level 5. HP: 14/28 MP: 2/9
  1990 | D:3      | Reached skill level 6 in Earth Magic
  2056 | D:3      | Found a runed translucent door.
  2069 | D:3      | Noticed TheSexyCheese's ghost (weakling DsFE)
  2736 | D:4      | Noticed avangion's ghost (amateur DECj)
  2757 | D:4      | Found a transporter.
  2851 | D:4      | Noticed Sigmund
  2855 | D:4      | Killed Sigmund
  2856 | D:4      | Reached skill level 7 in Earth Magic
  2856 | D:4      | Reached XP level 6. HP: 32/32 MP: 6/11
  2942 | D:4      | Found a staircase to the Ecumenical Temple.
  2964 | D:4      | Got the Codex of Lethal Glamour
  2967 | Temple   | Entered the Ecumenical Temple
  3096 | Temple   | Became a worshipper of Warmaster Okawaru
  3116 | D:4      | Found a transporter.
  3442 | D:4      | Found an ancient bone altar of Kikubaaqudgha.
  3492 | D:4      | Found a blossoming altar of Fedhas.
  3656 | D:5      | Entered Level 5 of the Dungeon
  3729 | D:5      | Reached XP level 7. HP: 36/36 MP: 11/13
  3795 | D:5      | Reached skill level 1 in Conjurations
  3798 | D:5      | Reached skill level 1 in Invocations
  3904 | D:5      | Reached skill level 8 in Earth Magic
  4276 | D:6      | Reached * piety under Okawaru
  4307 | D:6      | Reached XP level 8. HP: 41/41 MP: 10/14
  4446 | D:6      | Reached skill level 9 in Earth Magic
  4684 | D:6      | Found Juakhlirgh's Armour Emporium.
  4752 | D:6      | Found a runed translucent door.
  4753 | D:6      | Noticed Crazy Yiuf
  4783 | D:6      | Reached skill level 1 in Maces & Flails
  4783 | D:6      | Reached ** piety under Okawaru
  4784 | D:6      | Reached skill level 5 in Spellcasting
  5032 | D:6      | Found a stormy altar of Qazlal.
  5032 | D:6      | Found an opulent altar of Gozag.
  5054 | D:6      | Found a snail-covered altar of Cheibriados.
  5056 | D:6      | Found a hazy altar of Hepliaklqana.
  5058 | D:6      | Found a shadowy altar of Dithmenos.
  5265 | D:6      | Learned a level 4 spell: Petrify
  5371 | D:7      | Noticed Pikel
  5510 | D:7      | Noticed a moth of wrath
  5513 | D:7      | Found a bloodstained altar of Trog.
  5656 | D:7      | Noticed a wyvern
  5659 | D:7      | Killed Pikel
  5660 | D:7      | Reached skill level 10 in Earth Magic
  5660 | D:7      | Reached XP level 9. HP: 21/45 MP: 9/17
  5838 | D:7      | Noticed Menkaure
  5841 | D:7      | Killed Menkaure
  6141 | D:7      | Reached *** piety under Okawaru
  6405 | D:7      | Noticed Joseph
  6408 | D:7      | Killed Joseph
  6409 | D:7      | Reached skill level 11 in Earth Magic
  6409 | D:7      | Reached skill level 5 in Invocations
  6610 | D:7      | Found a white marble altar of Elyvilon.
  6717 | D:7      | Reached skill level 5 in Conjurations
  6797 | D:7      | Found a basalt altar of Yredelemnul.
  6850 | D:7      | Found a hide-covered altar of Uskayaw.
  7219 | D:8      | Reached XP level 10. HP: 51/51 MP: 15/19
  7260 | D:8      | Reached **** piety under Okawaru
  7261 | D:8      | Reached skill level 1 in Fighting
  7422 | D:8      | Found a sacrificial altar of Ru.
  8224 | D:9      | Found a flagged portal.
  8247 | D:9      | Reached ***** piety under Okawaru
  8364 | Bailey   | Entered a bailey
  8880 | Bailey   | Reached skill level 5 in Maces & Flails
  9033 | Bailey   | Identified the amulet of Quotoitt {Faith rElec rC- Int+3}
  9045 | Bailey   | Noticed an orc warlord
  9087 | Bailey   | Slain by an orc warlord

Illustrated notes

Levels and vault maps discovered:
D:1:      tarquinn_simple_flora_water_e, layout_basic,
          hellmonk_ecumenical_altar_slurped_away
D:2:      wander_river, layout_loops_ring
D:3:      layout_basic, ebering_ghost_sewer_d, minmay_quadrilaterals
D:4:      layout_rooms, grunt_temple_overflow_growth_and_decay,
          minmay_temple_entry_ruins, gammafunk_ghost_stat_death,
          serial_bayou_pond_d, nicolae_eternal_life, uniq_sigmund
D:5:      layout_cave_pools, chequers_serial_rivers_micro_d
D:6:      layout_basic, chequers_temple_overflow_minitemple, serial_shops,
          nicolae_shop_trees, kennysheep_generic_room_9, uniq_crazy_yiuf_cottage
D:7:      layout_gridville, kennysheep_ying_yang, nicolae_uskayaw_suspiria,
          tgw_trog, uniq_menkaure, uniq_joseph, uniq_pikel
D:8:      layout_basic, lemuel_round_altar
D:9:      layout_grid_maze, amcnicky_altar_gilded, enter_bailey_5,
          kennysheep_doodads, minmay_diced_spiral
Temple:   nicolae_temple_two_arcs
Bailey:   bailey_axe_minmay_hex_keep, bailey

Skill      XL: |  1  2  3  4  5  6  7  8  9 10 |
---------------+-------------------------------+-----
Transmutations | 1 2 |  2.0
Earth Magic    | 4 5 7 8 10 11 | 11.9
Spellcasting   | 3 4 5 6 |  6.5
Conjurations   | 2 4 5 6 |  6.0
Invocations    | 2 4 5 6 |  6.2
Maces & Flails | 2 3 5 |  5.1
Fighting       | 3 |  3.1
Dodging        | |  1.5
Stealth        | |  2.1

Action                     |  1- 3 |  4- 6 |  7- 9 | 10-12 || total
---------------------------+-------+-------+-------+-------++-------
  Melee: Unarmed           |    22 |       |       |       ||    22
         Dagger            |     1 |       |     1 |       ||     2
         Mace              |       |       |       |    10 ||    10
   Cast: Sandblast         |    54 |    55 |   109 |    77 ||   295
         Stone Arrow       |       |       |    15 |    29 ||    44
         Petrify           |       |       |     2 |     1 ||     3
    Use: Scroll            |       |       |       |    12 ||    12
         Potion            |       |       |       |     1 ||     1
   Stab: Petrified         |       |       |       |     5 ||     5
         Petrifying        |       |       |       |     1 ||     1
 Armour: Robe              |    13 |     2 |    19 |    30 ||    64
  Dodge: Dodged            |    21 |     5 |    31 |    33 ||    90

Table legend: (Time is in decaauts)
 A = Elapsed time spent in this place.
 B = Non-inter-level travel time spent in this place.
 C = Inter-level travel time spent in this place.
 D = Time resting spent in this place.
 E = Time spent auto-exploring this place.
 F = Levels seen in this place.
 G = Mean time per level.
                   A        B        C        D        E       F      G
               +--------+--------+--------+--------+--------+-----+--------+
         Total |   9256 |   8764 |    492 |   1221 |   6097 |  11 |  841.5 |
       Dungeon |   8380 |   7909 |    471 |    833 |   5896 |   9 |  931.1 |
        Temple |    138 |    117 |     21 |      0 |    111 |   1 |  138.0 |
        Bailey |    736 |    736 |      0 |    388 |     90 |   1 |  736.0 |
               +--------+--------+--------+--------+--------+-----+--------+

Top non-repeatable levels by time:
     D:6: 1437 daAuts
     D:7: 1410 daAuts
     D:8: 1027 daAuts
     D:1: 998 daAuts
     D:3: 894 daAuts
     D:2: 889 daAuts
     D:4: 805 daAuts
  Bailey: 736 daAuts
     D:5: 619 daAuts
     D:9: 297 daAuts
  Temple: 138 daAuts
